 Dungeon Crawl Stone Soup version 0.29.1-2-gbd0b4ee654 (webtiles) character file.

Game seed: 3158271256577764410

21 Descartes the Sneak (level 2, -1/14 HPs)
             Began as a Felid Wanderer on Oct 29, 2022.
             Slain by a hobgoblin (2 damage)
             ... on level 1 of the Dungeon.
             The game lasted 00:01:40 (964 turns).

Descartes the Sneak (Felid Wanderer)                 Turns: 964, Time: 00:01:40

Health: -1/14      AC:  1    Str:  9    XL:     2   Next: 62%
Magic:  4/4        EV: 16    Int: 10    God:
Gold:   14         SH:  0    Dex: 17    Spells: 3/3 levels left
                                        Lives:  0   Deaths: 0

rFire   . . .      SeeInvis +   (weapon unavailable)
rCold   . . .      Faith    .   (shield unavailable)
rNeg    . . .      Spirit   .   (body armour unavailable)
rPois   .          Reflect  .   (helmet unavailable)
rElec   .          Harm     .   (cloak unavailable)
rCorr   .          Rampage  .   (gloves unavailable)
Will    .....                   (boots unavailable)
Stlth   ++++......              (no amulet)
HPRegen 0.04/turn               (no ring)
MPRegen 0.09/turn               (no ring)

@: quick
A: very small, claws 1, fangs 3, see invisible, speed 1, shaggy fur 1, stealthy
paws, no weapons or thrown items, no armour, multi-lived
a: no special abilities


You were on level 1 of the Dungeon.
You visited 1 branch of the dungeon, and saw 1 of its levels.

You collected 14 gold pieces.

Inventory:

Jewellery
 f - a +6 ring of strength
Scrolls
 a - a scroll of vulnerability
 c - a scroll of magic mapping {unknown}
 e - a scroll of poison {unknown}
Potions
 b - 2 potions of curing
 d - 2 potions of berserk rage {unknown}


   Skills:
 - Level 3.0 Fighting
 + Level 1.0 Dodging
 + Level 6.8 Stealth
 + Level 0.4 Unarmed Combat
 + Level 1.2 Spellcasting
 + Level 0.7 Conjurations
 + Level 1.2 Hexes
 - Level 1.0 Invocations


You had 3 spell levels left.
You didn't know any spells.
Your spell library was empty.

Dungeon Overview and Level Annotations

Branches:
Dungeon (1/15)

Altars:


Innate Abilities, Weirdness & Mutations

You have sharp claws.
You have razor-sharp teeth.
You have supernaturally acute eyesight. (SInv)
You cover ground quickly. (Speed+)
You are covered in fur. (AC +1)
Your paws help you pounce on unaware monsters.
You are incapable of wielding weapons or throwing items.
You cannot wear armour.
You gain extra lives every three experience levels.


Message History

No target in view!
An endoplasm comes into view.
An endoplasm comes into view.
The endoplasm quivers.
The endoplasm barely misses you.
You scratch the endoplasm but do no damage.
The endoplasm hits you.
You scratch the endoplasm.
The endoplasm is moderately wounded.
The endoplasm misses you.
You scratch the endoplasm but do no damage.
You bite the endoplasm.
You kill the endoplasm!
Your Dodging skill increases to level 1!
A hobgoblin comes into view.
The endoplasm quivers.
You scratch the endoplasm.
The endoplasm is moderately wounded.
The endoplasm misses you.
You scratch the endoplasm.
The endoplasm is severely wounded.
The endoplasm freezes you.
You are frozen.
You scratch the endoplasm.
You kill the endoplasm!
You scratch the hobgoblin but do no damage.
The hobgoblin closely misses you.
A hobgoblin is nearby!
You scratch the hobgoblin but do no damage.
The hobgoblin hits you.
You completely miss the hobgoblin. The hobgoblin hits you.
* * * LOW HITPOINT WARNING * * *
You scratch the hobgoblin.
The hobgoblin is heavily wounded.
The hobgoblin hits you.
* * * LOW HITPOINT WARNING * * *
You closely miss the hobgoblin.
The hobgoblin is heavily wounded.
The hobgoblin hits you.
You die...

. ##.#.#.......##.# #
# ###...!##.....###.#
# .##.
######......####.###
#.# ##.....
....#.....!## #.# #.#
....... ..........##
#.# #.# ##.###.
#......## #.# #.# # .#
.
#..?...######...####.#
##.###.###
#............ ..##.#
.........#
#....@g###### #.##†#
.#.####..# #......# ##
#.##.#
###.###..###..#.###
###..##.##.# #
##..........#.
#...........
###..........##.
#.#.###.#...
.#.####..##.###.#
#.#.#. #)##
#.........# #.#.#. #.#
##.##.##### #.#.#. #.#
#.##.# #. .# #.#.#.


You could see a hobgoblin.

Vanquished Creatures
  3 endoplasms (D:1)
  3 goblins (D:1)
  2 kobolds (D:1)
  3 quokkas (D:1)
  3 ball pythons (D:1)
  2 bats (D:1)
  4 frilled lizards (D:1)
20 creatures vanquished.

Notes
Turn   | Place    | Note
-------+----------+-------------------------------------------
     0 | D:1      | Descartes the Felid Wanderer began the quest for the Orb.
     0 | D:1      | Descartes set off with the following items: a scroll of
                  | vulnerability, 2 potions of curing.
     0 | D:1      | Reached XP level 1. HP: 10/10 MP: 3/3
   493 | D:1      | Reached XP level 2. HP: 14/14 MP: 4/4
   548 | D:1      | Reached skill level 1 in Hexes
   954 | D:1      | Reached skill level 1 in Dodging
   964 | D:1      | Slain by a hobgoblin

Illustrated notes

Levels and vault maps discovered:
D:1:      ncdulo_wetmaze, layout_loops_ring

Skill      XL: |  1  2 |
---------------+-------+-----
Hexes          | 1 |  1.2
Dodging        | 1 |  1.0
Fighting       | |  3.0
Stealth        | |  6.8
Unarmed Combat | |  0.4
Spellcasting   | |  1.2
Conjurations   | |  0.7
Invocations    | |  1.0

Action                   || total
-------------------------++-------
Melee: Unarmed           ||    57
       Bite              ||     4
 Stab: Sleeping          ||     8
Armor: Skin              ||     3
Dodge: Dodged            ||    38
